 Dungeon Crawl Stone Soup version 0.23-a0-636-g0ff6057 (webtiles) character file.

307 zishaf the Magician (level 6, 0/44 HPs)
             Began as a Gnoll Wizard on Dec 28, 2018.
             Shot with an arrow by a centaur (1 damage)
             ... on level 5 of the Dungeon.
             The game lasted 00:08:52 (4494 turns).

zishaf the Magician (Gnoll Wizard)                  Turns: 4494, Time: 00:08:53

Health: 0/44       AC:  3    Str: 10    XL:     6   Next: 40%
Magic:  12/16      EV: 14    Int: 26    God:
Gold:   261        SH:  0    Dex: 13    Spells: 8/19 levels left

rFire    . . .     SeeInvis .   c - +0 hunting sling
rCold    + . .     Gourm    .   (no shield)
rNeg     . . .     Faith    .   a - +0 robe
rPois    .         Spirit   .   b - +0 hat
rElec    .         Reflect  .   g - +0 cloak (curse)
rCorr    .         Harm     .   (no gloves)
MR       .....                  (no boots)
Stlth    +++.......             m - amulet of regeneration
HPRegen  0.54/turn              n - +4 ring of intelligence
MPRegen  0.15/turn              l - ring of protection from cold

@: no status effects
A: distributed training, fangs 1, strong nose
a: no special abilities


You were on level 5 of the Dungeon.
You were not hungry.

You visited 1 branch of the dungeon, and saw 5 of its levels.

You collected 300 gold pieces.
You spent 39 gold pieces at shops.

Inventory:

Hand Weapons
 c - a +0 hunting sling (weapon)
Missiles
 f - 33 sling bullets
 i - 199 stones (quivered)
Armour
 a - a +0 robe (worn)
 b - a +0 hat (worn)
 g - a cursed +0 cloak (worn)
Jewellery
 l - a ring of protection from cold (right hand)
 m - an amulet of regeneration (around neck)
 n - a +4 ring of intelligence (left hand)
 t - an uncursed ring of flight
Scrolls
 h - a scroll of immolation {unknown}
 j - a scroll of noise {unknown}
 k - a scroll of teleportation
 q - a scroll of blinking
 r - a scroll of magic mapping {unknown}
 s - a scroll of fog
 v - a scroll of remove curse {unknown}
Potions
 e - a potion of brilliance
 o - 2 potions of agility
 p - 4 potions of curing
 u - a potion of invisibility
Comestibles
 d - 11 rations


   Skills:
 + Level 1.9 Fighting
 + Level 1.9 Short Blades
 + Level 1.9 Long Blades
 + Level 1.9 Axes
 + Level 1.9 Maces & Flails
 + Level 1.9 Polearms
 + Level 1.9 Staves
 + Level 1.9 Slings
 + Level 1.9 Bows
 + Level 1.9 Crossbows
 + Level 1.9 Throwing
 + Level 1.9 Armour
 + Level 4.9 Dodging
 + Level 4.5 Stealth
 + Level 1.9 Shields
 + Level 1.9 Unarmed Combat
 + Level 7.4 Spellcasting
 + Level 2.6 Conjurations
 + Level 1.5 Hexes
 + Level 1.5 Charms
 + Level 2.6 Summonings
 + Level 1.5 Necromancy
 + Level 2.6 Translocations
 + Level 1.5 Transmutations
 + Level 1.5 Fire Magic
 + Level 1.5 Ice Magic
 + Level 1.5 Air Magic
 + Level 1.5 Earth Magic
 + Level 1.5 Poison Magic
 + Level 2.1 Invocations
 + Level 1.9 Evocations


You had 8 spell levels left.
You knew the following spells:

 Your Spells              Type           Power        Failure   Level  Hunger
a - Magic Dart            Conj           ###.         1%          1    None
b - Call Imp              Summ           ###.....     3%          2    None
c - Conjure Flame         Conj/Fire      ###.....     8%          3    None
d - Blink                 Tloc           N/A          3%          2    None
z - Mephitic Cloud        Conj/Pois/Air  ###.....     9%          3    None

Your spell library contained the following spells:

 Spells                   Type           Power        Failure   Level  Hunger
 Slow                     Hex            ###.....     4%          2    None


Dungeon Overview and Level Annotations

Branches:
Dungeon (5/15)
 Temple: D:4-7

Altars:
Hepliaklqana
Kikubaaqudgha
Qazlal
Ru
Trog

Shops:
D:4 !


Innate Abilities, Weirdness & Mutations

Your experience applies equally to all skills.
You have very sharp teeth.
Your uncanny sense of smell can sniff out nearby items.


Message History

The magic dart hits the centaur.
The centaur is heavily wounded.
The centaur shoots an arrow.
The arrow hits you!
* * * LOW HITPOINT WARNING * * *
The arrow freezes you.
* * * LOW HITPOINT WARNING * * *
Casting: Magic Dart (safe; 1% risk of failure)
Confirm with . or Enter, or press ? or * to list all spells.
Aiming: Magic Dart (safe; 1% risk of failure)
Press: ? - help, Shift-Dir - straight line, f/p - centaur
Aim: a centaur, wielding a +2 shortbow of freezing (heavily wounded)
The magic dart hits the centaur.
The centaur is severely wounded.
The centaur shoots an arrow.
The arrow barely misses you.
The centaur shoots an arrow.
The arrow misses you.
You see here an arrow.
The centaur shoots an arrow.
The arrow hits you.
* * * LOW HITPOINT WARNING * * *
The arrow freezes you.
You die...

... # #.. +# #.
.. .# #.#
#.###.## ..#
...... ## ..#
#...# . ..
#.###(#.##....
###. #..........#
.....#.@.#.#.####
##.c..##(#.#...
(......((#.#####
#...######.#
....######.#
##.........#
....####..#
##...###..#
.........#


You could see a centaur.

Vanquished Creatures
  A hound (D:4)
  A worker ant (D:4)
  9 adders
  An adder skeleton (D:4)
  5 worms
  2 dart slugs
  4 leopard geckos
  5 orcs
  12 bats
  8 giant cockroaches
  9 goblins
  8 hobgoblins
  7 jackals (D:1)
  A quokka (D:2)
  7 frilled lizards
  3 kobolds
  11 rats
94 creatures vanquished.

Vanquished Creatures (collateral kills)
  An ogre (D:4)
  A worker ant (D:4)
2 creatures vanquished.

Grand Total: 96 creatures vanquished

Notes
Turn   | Place    | Note
-------+----------+-------------------------------------------
     0 | D:1      | zishaf the Gnoll Wizard began the quest for the Orb.
     0 | D:1      | Reached XP level 1. HP: 13/13 MP: 8/8
   157 | D:1      | Reached XP level 2. HP: 19/19 MP: 8/10
   609 | D:1      | Reached XP level 3. HP: 25/25 MP: 8/11
  1212 | D:2      | Reached skill level 1 in Invocations
  1243 | D:2      | Learned a level 2 spell: Blink
  1246 | D:2      | Learned a level 2 spell: Call Imp
  1250 | D:2      | Learned a level 3 spell: Conjure Flame
  1256 | D:1      | Learned a level 3 spell: Mephitic Cloud
  1267 | D:2      | Found an ancient bone altar of Kikubaaqudgha.
  1289 | D:2      | Reached skill level 1 in Fighting
  1289 | D:2      | Reached skill level 1 in Short Blades
  1289 | D:2      | Reached skill level 1 in Long Blades
  1289 | D:2      | Reached skill level 1 in Axes
  1289 | D:2      | Reached skill level 1 in Maces & Flails
  1289 | D:2      | Reached skill level 1 in Polearms
  1289 | D:2      | Reached skill level 1 in Staves
  1289 | D:2      | Reached skill level 1 in Slings
  1289 | D:2      | Reached skill level 1 in Bows
  1289 | D:2      | Reached skill level 1 in Crossbows
  1289 | D:2      | Reached skill level 1 in Throwing
  1289 | D:2      | Reached skill level 1 in Armour
  1289 | D:2      | Reached skill level 1 in Shields
  1289 | D:2      | Reached skill level 1 in Unarmed Combat
  1289 | D:2      | Reached skill level 1 in Evocations
  1315 | D:2      | Reached XP level 4. HP: 17/32 MP: 3/13
  1965 | D:2      | Found a stormy altar of Qazlal.
  2040 | D:2      | Reached skill level 1 in Hexes
  2040 | D:2      | Reached skill level 1 in Charms
  2040 | D:2      | Reached skill level 1 in Necromancy
  2040 | D:2      | Reached skill level 1 in Transmutations
  2040 | D:2      | Reached skill level 1 in Fire Magic
  2040 | D:2      | Reached skill level 1 in Ice Magic
  2040 | D:2      | Reached skill level 1 in Air Magic
  2040 | D:2      | Reached skill level 1 in Earth Magic
  2040 | D:2      | Reached skill level 1 in Poison Magic
  2695 | D:3      | Reached XP level 5. HP: 37/37 MP: 12/14
  3481 | D:4      | Found Onitix's Distillery.
  3490 | D:4      | Bought a potion of curing for 39 gold pieces
  3624 | D:4      | Noticed an ogre
  3635 | D:4      | Killed an ogre
  3635 | D:4      | Reached XP level 6. HP: 44/44 MP: 10/16
  3681 | D:4      | Found a bloodstained altar of Trog.
  3898 | D:4      | Found a sacrificial altar of Ru.
  4320 | D:4      | Found a hazy altar of Hepliaklqana.
  4387 | D:5      | Entered Level 5 of the Dungeon
  4494 | D:5      | HP: 1/44 [centaur/arrow (4)]
  4494 | D:5      | Shot with an arrow by a centaur

Vault maps used:
D:1:      dpeg_arrival_tiny_h
D:2:      grunt_qazlal_sundering, kiku_gazebo_garden_becter, kennysheep_potato
D:3:      first_ration, minmay_puff
D:4:      kennysheep_mini, lightli_temple_of_fire, serial_shops, shop,
          nicolae_ru_awakened_eye
D:5:      lemuel_doored_altar, grunt_temple_overflow_champion_of_chaos,
          led_sif_book, minmay_misc_feat_more_columns

Skill      XL: |  1  2  3  4  5  6 |
---------------+-------------------+-----
Conjurations   | 2 |  2.6
Summonings     | 2 |  2.6
Translocations | 2 |  2.6
Invocations    | 1 2 |  2.1
Fighting       | 1 |  1.9
Short Blades   | 1 |  1.9
Long Blades    | 1 |  1.9
Axes           | 1 |  1.9
Maces & Flails | 1 |  1.9
Polearms       | 1 |  1.9
Staves         | 1 |  1.9
Slings         | 1 |  1.9
Bows           | 1 |  1.9
Crossbows      | 1 |  1.9
Throwing       | 1 |  1.9
Armour         | 1 |  1.9
Shields        | 1 |  1.9
Unarmed Combat | 1 |  1.9
Evocations     | 1 |  1.9
Hexes          | 1 |  1.5
Charms         | 1 |  1.5
Necromancy     | 1 |  1.5
Transmutations | 1 |  1.5
Fire Magic     | 1 |  1.5
Ice Magic      | 1 |  1.5
Air Magic      | 1 |  1.5
Earth Magic    | 1 |  1.5
Poison Magic   | 1 |  1.5
Dodging        | |  4.9
Stealth        | |  4.5
Spellcasting   | |  7.4

Action                   |  1- 3 |  4- 6 || total
-------------------------+-------+-------++-------
 Fire: Hunting sling     |     3 |   144 ||   147
 Cast: Magic Dart        |    83 |   101 ||   184
       Conjure Flame     |       |     7 ||     7
       Call Imp          |       |    11 ||    11
  Use: Scroll            |       |     6 ||     6
  Eat: Chunk             |     1 |    10 ||    11
Armor: Robe              |     9 |     7 ||    16
Dodge: Dodged            |    28 |    51 ||    79

Table legend:
 A = Non-vault XP
 B = Vault XP
 C = Vault XP percentage of total XP
 D = Non-vault monster count
 E = Vault monster count
 F = Vault count percentage of total count
                 A         B        C        D         E       F
            +---------+---------+-------+---------+---------+-------
      Total |     423 |      16 |   3.6 |      91 |       5 |   5.2
            +---------+---------+-------+---------+---------+-------
        D:1 |      50 |       0 |   0.0 |      28 |       0 |   0.0
        D:2 |      76 |      10 |  11.6 |      25 |       2 |   7.4
        D:3 |      91 |       6 |   6.2 |      26 |       3 |  10.3
        D:4 |     190 |       0 |   0.0 |      10 |       0 |   0.0
        D:5 |      16 |       0 |   0.0 |       2 |       0 |   0.0
            +---------+---------+-------+---------+---------+-------
